 Dungeon Crawl Stone Soup version 0.28.0-43-g3370ac3207 (webtiles) character file.

Game seed: 2809524167138145669

415 FrostSilk the Skirmisher (level 6, 0/56 HPs)
             Began as a Hill Orc Fighter on Mar 13, 2022.
             Was an Initiate of Beogh.
             Slain by a scorpion (1 damage)
             ... on level 3 of the Dungeon.
             The game lasted 00:14:29 (3503 turns).

FrostSilk the Skirmisher (Hill Orc Fighter)         Turns: 3503, Time: 00:14:29

Health: 0/56       AC:  8    Str: 21    XL:     6   Next: 91%
Magic:  6/6        EV:  9    Int:  8    God:    Beogh [......]
Gold:   163        SH:  5    Dex: 10    Spells: 5/5 levels left

rFire   + . .      SeeInvis .   a - +0 war axe
rCold   x . .      Faith    .   c - +0 buckler
rNeg    + . .      Spirit   .   b - +0 scale mail
rPois   .          Reflect  .   (no helmet)
rElec   .          Harm     .   (no cloak)
rCorr   .          Rampage  .   (no gloves)
Will    .....                   f - +0 pair of boots
Stlth   ..........              (no amulet)
HPRegen 0.18/turn               k - ring of positive energy
MPRegen 0.10/turn               l - ring of fire

@: no status effects
A: no striking features
a: Renounce Religion


You were on level 3 of the Dungeon.
You worshipped Beogh.
Beogh was noncommittal.
You visited 1 branch of the dungeon, and saw 4 of its levels.

You collected 163 gold pieces.

Inventory:

Hand Weapons
 a - a +0 war axe (weapon)
 h - a +2 vampiric whip
 p - a +0 halberd
Missiles
 u - 5 boomerangs
Armour
 b - a +0 scale mail (worn)
 c - a +0 buckler (worn)
 f - a +0 pair of boots (worn)
Jewellery
 k - a ring of positive energy (left hand)
 l - a ring of fire (right hand)
 n - a ring of ice
Wands
 d - a wand of iceblast (2) (quivered)
Scrolls
 i - 3 scrolls of teleportation
 o - a scroll of amnesia
 r - a scroll of identify {unknown}
 t - a scroll of holy word
Potions
 e - a potion of ambrosia {unknown}
 g - 2 potions of degeneration {unknown}
 j - a potion of magic {unknown}
 m - 3 potions of flight {unknown}
 q - a potion of mutation {unknown}
 s - a potion of berserk rage {unknown}


   Skills:
 + Level 5.5 Fighting
 + Level 5.1 Axes
 + Level 5.0 Armour
 + Level 5.0 Shields


You had 5 spell levels left.
You didn't know any spells.
Your spell library contained the following spells:

 Spells                   Type           Power      Damage    Failure   Level
 Scorch                   Fire           0%         2d5       91%         2
 Sublimation of Blood     Necr           0%         N/A       91%         2
 Wereblood                Tmut           0%         N/A       91%         2
 Flame Wave               Conj/Fire      0%         2d4       100%        4
 Summon Cactus Giant      Summ           0%         N/A       100%        6
 Summon Hydra             Summ           0%         N/A       100%        7


Dungeon Overview and Level Annotations

Branches:
Dungeon (4/15)
 Temple: D:4-7

Altars:

Shops:
D:4 *


Message History

Beogh accepts your kill.
You feel sick. The scorpion stings you.
You are more poisoned.
The scorpion poisons you!
The orc priest mumbles some strange prayers to Beogh against you.
Beogh smites you! The orc barely misses you.
Your Armour skill increases to level 5!
You feel very sick. The scorpion closely misses you.
You feel very sick.
You feel sick.
You feel sick.
The orc priest begins to cast a cantrip, but forgets the words!
You feel sick.
You feel sick. The scorpion stings you.
* * * LOW HITPOINT WARNING * * *
You feel sick.
You feel sick.
You feel sick.
You feel sick.
You are no longer poisoned.
The scorpion stings you but does no damage.
The scorpion stings you.
* * * LOW HITPOINT WARNING * * *
There is a stone staircase leading up here.
You don't know any spells.
The scorpion stings you but does no damage.
The orc priest looks braver for a moment.
The scorpion stings you.
* * * LOW HITPOINT WARNING * * *
You climb upwards.
There is a stone staircase leading down here.
You hit the scorpion.
The scorpion is lightly wounded.
The scorpion stings you.
* * * LOW HITPOINT WARNING * * *
You hit the scorpion.
The scorpion is lightly wounded.
The scorpion stings you.
You die...

.#..........................##.##
.#...........##.............##.#
.#...)....#####.............##'##
.####.........#..###.............
..............#..# #......#...†..
...........<..#..###......#......
..............#.........#........
..............#..s......#........
#.............#.@.......#........
#.............##.###.####........
#.............##.# #.# #....(...
#.............##.###.# #........
#.........######.....# #........
########### #####.# #.#######
###.# #.# #...# #.# ######.####.#


You could see a scorpion.

Vanquished Creatures
  Sigmund (D:3)
  A bullfrog (D:3)
  A centaur zombie (D:4)
  Ijyb (D:3)
  3 adders
  4 gnolls (D:2)
  An ufetubus (D:4)
  2 worms (D:3)
  A dart slug (D:3)
  2 orcs
  5 endoplasms
  4 giant cockroaches
  7 goblins
  7 hobgoblins
  2 jackals (D:1)
  8 ball pythons
  5 bats
  A frilled lizard (D:3)
  2 kobolds
  6 rats
64 creatures vanquished.

Vanquished Creatures (others)
  A worm (D:3)
  An orc (D:3)
  An endoplasm (D:3)
  A hobgoblin (D:3)
  A plant (D:1)
5 creatures vanquished.

Grand Total: 69 creatures vanquished

Notes
Turn   | Place    | Note
-------+----------+-------------------------------------------
     0 | D:1      | FrostSilk the Hill Orc Fighter began the quest for the Orb.
     0 | D:1      | Reached XP level 1. HP: 19/19 MP: 1/1
   205 | D:1      | Reached XP level 2. HP: 15/27 MP: 2/2
   481 | D:1      | Found a faded altar of an unknown god.
  1141 | D:2      | Reached XP level 3. HP: 17/33 MP: 3/3
  1526 | D:2      | Reached XP level 4. HP: 26/40 MP: 4/4
  2075 | D:3      | Noticed a bullfrog
  2096 | D:3      | Killed a bullfrog
  2097 | D:3      | Reached XP level 5. HP: 32/47 MP: 5/5
  2263 | D:3      | Became a worshipper of Beogh the Brigand
  2296 | D:3      | Noticed Ijyb
  2305 | D:3      | Killed Ijyb
  2939 | D:3      | Noticed Sigmund
  2950 | D:3      | Killed Sigmund
  2951 | D:3      | Reached skill level 5 in Fighting
  2951 | D:3      | Reached skill level 5 in Axes
  2951 | D:3      | Reached XP level 6. HP: 48/56 MP: 6/6
  3264 | D:4      | Reached skill level 5 in Shields
  3374 | D:4      | Found Duhet's Gadget Gallery.
  3480 | D:4      | Reached skill level 5 in Armour
  3502 | D:3      | HP: 1/56 [scorpion (5)]
  3503 | D:3      | Slain by a scorpion

Illustrated notes

Levels and vault maps discovered:
D:1:      dpeg_arrival_arbitrary_b, layout_basic,
          shapermc_ecumenical_altar_ellora
D:2:      layout_basic, serial_bayou_ford_a
D:3:      layout_basic, kennysheep_generic_room_10, uniq_sigmund, uniq_ijyb
D:4:      layout_basic, nicolae_shop_gadgets

Skill      XL: |  1  2  3  4  5  6 |
---------------+-------------------+-----
Axes           | 3 4 5 |  5.1
Fighting       | 4 5 |  5.5
Armour         | 4 5 |  5.0
Shields        | 4 5 |  5.0

Action                   |  1- 3 |  4- 6 || total
-------------------------+-------+-------++-------
Melee: War axe           |    89 |   104 ||   193
Invok: Convert to Beogh  |       |     1 ||     1
Evoke: Wand              |       |     3 ||     3
  Use: Scroll            |       |     3 ||     3
       Potion            |       |     1 ||     1
Armor: Scale mail        |    49 |    52 ||   101
Dodge: Dodged            |    49 |    56 ||   105
Block: Buckler           |    30 |    28 ||    58
